 Dungeon Crawl Stone Soup version 0.23.2-40-g277498a001 (webtiles) character file.

Game seed: 15229312588544137679

27 MalarOregon the Sneak (level 2, 0/25 HPs)
             Began as a Draconian Assassin on Sept 15, 2019.
             Slain by a goblin
             ... wielding a +0 dagger
              (6 damage)
             ... on level 2 of the Dungeon.
             The game lasted 00:01:04 (662 turns).

MalarOregon the Sneak (Draconian Assassin)           Turns: 662, Time: 00:01:05

Health: 0/25       AC:  5    Str: 13    XL:     2   Next: 93%
Magic:  2/2        EV: 12    Int: 11    God:
Gold:   62         SH:  0    Dex: 12    Spells: 1/1 levels left

rFire    . . .     SeeInvis .   a - +2 dagger
rCold    . . .     Gourm    .   (no shield)
rNeg     . . .     Faith    .   (armour unavailable)
rPois    .         Spirit   .   (helmet restricted)
rElec    .         Reflect  .   c - +0 cloak
rCorr    .         Harm     .   (no gloves)
MR       .....                  (no boots)
Stlth    ++........             (no amulet)
HPRegen  0.08/turn              (no ring)
MPRegen  0.08/turn              (no ring)

@: lethally poisoned (0 -> -4)
A: unfitting armour, cold-blooded, AC +4
a: no special abilities


You were on level 2 of the Dungeon.
You were not hungry.

You visited 1 branch of the dungeon, and saw 2 of its levels.

You collected 62 gold pieces.

Inventory:

Hand Weapons
 a - a +2 dagger (weapon)
 b - a +0 blowgun
Missiles
 d - 8 poisoned needles
 f - 2 curare-tipped needles {!f}
 m - 50 stones (quivered)
Armour
 c - a +0 cloak (worn)
Scrolls
 g - a scroll of amnesia {unknown}
 i - 2 scrolls of identify {unknown}
Potions
 j - a potion of agility {unknown}
 k - a potion of degeneration {unknown}
 l - a potion of ambrosia {unknown}
 n - a potion of lignification {unknown}
Comestibles
 e - 4 rations {!d}
 h - 5 chunks of flesh


   Skills:
 + Level 2.5 Fighting
 + Level 2.3 Short Blades
 + Level 2.1 Throwing
 + Level 1.3 Dodging
 + Level 3.8 Stealth


You had one spell level left.
You didn't know any spells.
Your spell library was empty.

Dungeon Overview and Level Annotations

Branches:
Dungeon (2/15)

Altars:


Innate Abilities, Weirdness & Mutations

Your plain brown scales are hard. (AC +4)
You cannot fit into any form of body armour.
You are cold-blooded and may be slowed by cold attacks.


Message History

Found 12 poisoned needles and a scroll labeled YSTRUD SITH.
No target in view!
An adder comes into view.
You see here 9 gold pieces.
The adder closely misses you. x2
You miss the adder. The adder barely misses you.
You miss the adder. The adder closely misses you.
You hit the adder but do no damage. The adder barely misses you.
A goblin comes into view. It is wielding a +0 dagger.
You miss the adder.
The goblin shouts!
You tail-slap the adder. The adder bites you.
You hit the adder. The adder misses you.
The adder bites you but does no damage.
You hit the adder but do no damage.
Your tail-slap misses the adder.
The adder misses you.
You hit the adder. The adder barely misses you.
You miss the adder.
Your tail-slap misses the adder.
The adder barely misses you.
You hit the adder but do no damage. The adder completely misses you.
The quokka barely misses you.
You closely miss the adder. The adder bites you but does no damage.
The quokka bites you. The adder barely misses you.
You closely miss the adder. The adder bites you but does no damage.
You hit the adder. The adder bites you.
You closely miss the adder.
Your tail-slap misses the adder.
The adder closely misses you.
You closely miss the adder. The adder bites you. x2
* * * LOW HITPOINT WARNING * * *
You are poisoned.
The adder poisons you!
Unknown command.
Unknown command.
You barely miss the adder.
You feel sick. The adder bites you but does no damage.
Unknown command.
You hit the adder.
You kill the adder!
Unknown command.
You barely miss the quokka.
You feel sick. The quokka bites you.
* * * LOW HITPOINT WARNING * * *
Unknown command.
The quokka barely misses you.
You feel sick.
A bat comes into view.
The goblin closely misses you.
You feel sick. The goblin closely misses you.
The goblin hits you with a +0 dagger.
You die...

.. .# b. #.######.#
#...#
.........#.....#.
#............... #
##.## .. . ..
###.#.##.# ##. .. #
#?..#gr.###.. ( >#
#..###.#@##.#.## .#
..
.....##.##.....##.#
#(...$.......... #
########.....## ..
............### ##
..............# #
$...........#.# #
########....#.#
############.#


You could see a quokka and a goblin.

Vanquished Creatures
  An adder (D:2)
  A leopard gecko (D:2)
  2 giant cockroaches
  2 goblins
  3 hobgoblins (D:1)
  2 jackals (D:2)
  A bat (D:2)
  A frilled lizard (D:1)
  A kobold (D:2)
  2 rats (D:1)
16 creatures vanquished.

Notes
Turn   | Place    | Note
-------+----------+-------------------------------------------
     0 | D:1      | MalarOregon the Draconian Assassin began the quest for the
                  | Orb.
     0 | D:1      | Reached XP level 1. HP: 17/17 MP: 1/1
   124 | D:1      | Reached skill level 1 in Dodging
   340 | D:1      | Reached XP level 2. HP: 25/25 MP: 2/2
   662 | D:2      | Slain by a goblin

Skill      XL: |  1  2 |
---------------+-------+-----
Dodging        | 1 |  1.3
Throwing       | 2 |  2.1
Fighting       | |  2.5
Short Blades   | |  2.3
Stealth        | |  3.8

Action                   || total
-------------------------++-------
Melee: Dagger            ||    49
       Tailslap          ||     5
 Stab: Sleeping          ||     4
Armor: Skin              ||    10
Dodge: Dodged            ||    26
